 Dungeon Crawl Stone Soup version 0.29-a0-111-gbaf749a769 (webtiles) character file.

Game seed: 15291706328754114744

333 kae the Ruffian (level 6, -2/48 HPs)
             Began as a Draconian Transmuter on Feb 17, 2022.
             Shot with a stone by a goblin (7 damage)
             ... on level 4 of the Dungeon.
             The game lasted 00:02:33 (4524 turns).

kae the Ruffian (Draconian Transmuter)              Turns: 4524, Time: 00:02:34

Health: -2/48      AC:  2    Str: 13    XL:     6   Next: 27%
Magic:  8/10       EV: 19    Int: 15    God:
Gold:   152        SH:  0    Dex: 16    Spells: 2/10 levels left

rFire   . . .      SeeInvis .     - Unarmed
rCold   . . .      Faith    .   (shield currently unavailable)
rNeg    . . .      Spirit   .   (armour unavailable)
rPois   x          Reflect  .   (helmet currently unavailable)
rElec   .          Harm     .   (cloak currently unavailable)
rCorr   .          Rampage  .   (gloves currently unavailable)
Will    .....                   (boots currently unavailable)
Stlth   +.........              (no amulet)
HPRegen 0.16/turn               a - ring of wizardry
MPRegen 0.12/turn               (no ring)

@: lethally poisoned (-2 -> -10), spider-form
A: venomous fangs, AC +6, tiny, unfitting armour, (cold-blooded)
a: End Transformation


You were on level 4 of the Dungeon.
You were a venomous arachnid creature.
You visited 1 branch of the dungeon, and saw 4 of its levels.

You collected 152 gold pieces.

Inventory:

Armour
 c - a +1 pair of gloves (melded)
Jewellery
 a - a ring of wizardry (left front leg)
 e - an amulet of faith
Scrolls
 f - a scroll of identify
Potions
 b - 2 potions of might
 d - a potion of cancellation {unknown}
 g - a potion of flight
 h - a potion of curing {unknown}
 i - a potion of heal wounds {unknown}
 j - a potion of mutation {unknown}


   Skills:
 + Level 2.3 Fighting
 + Level 2.6 Dodging
 * Level 4.3 Unarmed Combat
 + Level 2.8 Spellcasting
 * Level 3.8 Transmutations
 * Level 0.0 Ice Magic
 - Level 2.0 Poison Magic


You had 2 spell levels left.
You knew the following spells:

 Your Spells              Type           Power      Damage    Failure   Level
a - Beastly Appendage     Tmut           26%        N/A       5%          1
b - Spider Form           Tmut/Pois      10%        N/A       16%         3
c - Ice Form              Ice/Tmut       7%         N/A       52%         4

Your spell library contained the following spells:

 Spells                   Type           Power      Damage    Failure   Level
 Wereblood                Tmut           13%        N/A       7%          2
 Freeze                   Ice            8%         1d3       17%         1
 Ignite Poison            Fire/Tmut/Pois 7%         N/A       22%         3
 Conjure Flame            Conj/Fire      2%         6-21      38%         3
 Frozen Ramparts          Ice            4%         1d2       38%         3
 Hailstorm                Conj/Ice       2%         3d3       75%         4
 Sticky Flame             Conj/Fire      2%         2d3       75%         4


Dungeon Overview and Level Annotations

Branches:
Dungeon (4/15)
 Temple: D:4-7

Altars:


Innate Abilities, Weirdness & Mutations

You are a venomous arachnid creature.
You have poisonous fangs.
You are tiny and dextrous.
Your spellcasting is less reliable in this form.
Your armour is entirely melded.
You are incapable of wielding weapons or throwing items.
((Your plain brown scales are hard. (AC +6)))
You cannot fit into any form of body armour.
((You are cold-blooded and may be slowed by cold attacks.))


Message History

The water moccasin is lightly wounded.
The water moccasin bites you but does no damage.
The water moccasin bites you!
You completely miss the water moccasin.
The water moccasin is lightly wounded.
The water moccasin bites you!
You are poisoned.
The water moccasin poisons you!
You are too injured to fight recklessly!
You are too injured to fight recklessly!
You are too injured to fight recklessly!
You are too injured to fight recklessly!
You are too injured to fight recklessly!
You closely miss the water moccasin.
The water moccasin is moderately wounded.
You feel very sick.
A goblin comes into view. It is wielding a +0 dagger.
The water moccasin barely misses you.
You barely miss the water moccasin.
The water moccasin is moderately wounded.
You feel very sick.
The goblin shouts!
The water moccasin bites you!
* * * LOW HITPOINT WARNING * * *
The water moccasin closely misses you.
The goblin unwields a +0 dagger.
The goblin wields a +2 hunting sling of freezing.
It is covered in frost.
The goblin shoots a stone.
The stone closely misses you.
You bite the water moccasin!
The water moccasin is heavily wounded.
* * * LOW HITPOINT WARNING * * *
You feel very sick. The water moccasin misses you.
An adder comes into view.
* * * LOW HITPOINT WARNING * * *
You feel sick.
The adder hisses angrily.
The water moccasin closely misses you.
The goblin shoots a stone.
The stone hits you!
You die...

####
##...
##...##
..... ...
#.####.#
#s(..?.#
#S#####gS
..# ....
.##.# #.
#.# # #.#
#..


You could see a water moccasin (very poisoned), an adder and a goblin.

Vanquished Creatures
  A bullfrog (D:3)
  An orc priest (D:2)
  Jessica (D:3)
  An orc wizard (D:2)
  7 gnolls
  4 adders
  A worm (D:2)
  4 dart slugs
  An orc (D:2)
  3 ball pythons
  2 bats
  8 endoplasms
  A giant cockroach (D:1)
  6 goblins
  4 hobgoblins
  10 jackals
  8 quokkas
  3 frilled lizards
  6 kobolds
  6 rats
78 creatures vanquished.

Notes
Turn   | Place    | Note
-------+----------+-------------------------------------------
     0 | D:1      | kae the Draconian Transmuter began the quest for the Orb.
     0 | D:1      | Reached XP level 1. HP: 16/16 MP: 3/3
   193 | D:1      | Reached XP level 2. HP: 23/23 MP: 5/5
   845 | D:1      | Reached XP level 3. HP: 15/28 MP: 4/6
   849 | D:1      | Learned a level 3 spell: Spider Form
  1947 | D:2      | Found a faded altar of an unknown god.
  1955 | D:2      | Reached XP level 4. HP: 35/35 MP: 5/7
  2135 | D:2      | Reached skill level 1 in Poison Magic
  2620 | D:3      | Reached XP level 5. HP: 41/41 MP: 6/8
  2690 | D:3      | Reached skill level 4 in Unarmed Combat
  2970 | D:3      | HP: 2/41 [gnoll (10)]
  3514 | D:2      | Reached XP level 6. HP: 23/48 MP: 6/10
  4322 | D:3      | Noticed Jessica
  4335 | D:3      | Killed Jessica
  4490 | D:3      | Learned a level 4 spell: Ice Form
  4514 | D:4      | Noticed a water moccasin
  4524 | D:4      | Shot with a stone by a goblin

Illustrated notes

Levels and vault maps discovered:
D:1:      ebering_hopf_link, layout_rooms, kennysheep_boxes
D:2:      layout_basic, serial_glass, glass_columns_a, glass_columns_b,
          minmay_strange_pillars, hellmonk_ecumenical_altar_dog_temple
D:3:      layout_basic, minmay_diced_spiral, uniq_jessica
D:4:      layout_loops_ring, general_overflow_altar,
          minmay_temple_entry_proselytizer, gammafunk_ghost_stat_death

Skill      XL: |  1  2  3  4  5 |
---------------+----------------+-----
Dodging        | 2 |  2.6
Transmutations | 3 |  3.8
Poison Magic   | 1 2 |  2.0
Fighting       | 2 |  2.3
Unarmed Combat | 4 |  4.3
Spellcasting   | |  2.8

Action                   |  1- 3 |  4- 6 || total
-------------------------+-------+-------++-------
Melee: Unarmed           |   127 |   132 ||   259
       Kick              |    17 |     7 ||    24
       Headbutt          |    14 |     7 ||    21
       Tailslap          |     9 |     2 ||    11
       Punch             |     3 |       ||     3
 Cast: Beastly Appendage |    24 |     7 ||    31
       Spider Form       |       |    14 ||    14
  Use: Scroll            |     1 |     5 ||     6
       Potion            |       |     1 ||     1
Armor: Skin              |    50 |    25 ||    75
Dodge: Dodged            |    82 |   100 ||   182

Table legend: (Time is in decaauts)
 A = Elapsed time spent in this place.
 B = Non-inter-level travel time spent in this place.
 C = Inter-level travel time spent in this place.
 D = Time resting spent in this place.
 E = Time spent auto-exploring this place.
 F = Levels seen in this place.
 G = Mean time per level.
                   A        B        C        D        E       F      G
               +--------+--------+--------+--------+--------+-----+--------+
         Total |   4519 |   4432 |     87 |    914 |   2812 |   4 | 1129.8 |
       Dungeon |   4519 |   4432 |     87 |    914 |   2812 |   4 | 1129.8 |
               +--------+--------+--------+--------+--------+-----+--------+

Top non-repeatable levels by time:
     D:2: 2236 daAuts
     D:3: 1240 daAuts
     D:1: 1033 daAuts
     D:4: 8 daAuts
